cohdb
Replays
Latest Replays
All Replays
Popular Replays
Top Player Replays
Match Explorer
How It Works
Community
CoH3 Stats
Reddit
Sign in to upload your games and track your stats! →
Sign in with Steam
Match 42236278
Unlisted
Match 42236278
Overview
Messages
Build Orders
End
Construct Barracks
Construct Barracks
Selects Armored Battlegroup
1⁄4-ton 4x4 Truck
Riflemen Squad
Selects Veteran Crews
Riflemen Squad
Riflemen Squad
Air Support Center
Construct Medical Station
Grasshopper Recon Run
M1918 Browning Automatic Rifles
P-47 Strafing Run
Selects Strength in Steel
Riflemen Squad
Construct Motor Pool
Grenade Package
M1 Anti-tank Gun Team
Selects M8 Scott SPG
Selects Seek and Destroy
Grasshopper Recon Run
Construct Tank Depot
Selects UNKNOWN (2160077)
M1 Anti-tank Gun Team
Selects M31 Recovery Vehicle
Engineer Squad
Grasshopper Recon Run
P-47 Dive Bomb
M4A3E8 Sherman Easy Eight
Selects War Machine
P-47 Dive Bomb
M4A3E8 Sherman Easy Eight
P-47 Strafing Run
M4A3E8 Sherman Easy Eight
Engineer Squad
P-47 Dive Bomb
P-47 Strafing Run
M31 Recovery Vehicle
Seek and Destroy
P-47 Dive Bomb
M4A3E8 Sherman Easy Eight
Grasshopper Recon Run
P-47 Strafing Run
M31 Recovery Vehicle
Grasshopper Recon Run
P-47 Strafing Run
M4A3E8 Sherman Easy Eight
Air Supremacy
Double Sortie
M4(105) Sherman Bulldozer
Grasshopper Recon Run
P-47 Dive Bomb
Engineer Squad
homig
Alvarez
kerem
sunsetistaken
.less
Just_lycannnnnnnnnnnnnnnnnnnnnnn
ZZZ
Muroland
0
0
Comments
sign in to comment!
No comments posted yet!